[Event "Team 45 45 League T35"]
[Site "Internet Chess Club"]
[Date "2007.10.18"]
[Round "1"]
[White "RedAttack"]
[Black "baumhauer"]
[Result "0-1"]
[WhiteElo "1944"]
[BlackElo "2040"]
[Opening "King's Indian: 3.g3, counterthrust variation"]
[ECO "D71"]
[Time "11:11:15"]
[TimeControl "2700+45"]

1. d4 Nf6 2. g3 g6 3. Bg2 d5 4. c4 Bg7 5. Nc3 c6 6. Qb3 dxc4 7. Qxc4 O-O 8. Nf3
a5 9. a4 Be6 10. Qd3 Na6 11. O-O Nb4 12. Qd2 h6 13. e4 Qc8 14. Ne1 Rd8 15. Ne2
Bc4 16. Nc2 Bxe2 17. Qxe2 Nxc2 18. Qxc2 Rxd4 19. Be3 Rd7 20. Bh3 e6 21. f4 Qc7
22. f5 exf5 23. exf5 g5 24. Rad1 Rad8 25. Rxd7 Rxd7 26. Qb3 Qe5 27. Bb6 Rd2 28.
Qc3 Qd5 29. Bxa5 Ne4 30. Qf3 Qd4+ 31. Kh1 Rxb2 32. Be1 Qxa4 33. Bg2 Nf6 34. Bc3
Rb3 35. Qd1 Kh7 36. Rf3 Qb5 37. Bf1 Rb1 38. Bxb5 Rxd1+ 39. Rf1 Rxf1+ 40. Bxf1
Nd5 41. Bd2 Bd4 42. Bd3 f6 43. Kg2 Kg7 44. Kf3 h5 45. h3 Kf7 46. Ke4 Bf2 47. g4
hxg4 48. hxg4 Ke7 49. Bc4 Kd6 50. Bc1 b5 51. Bb3 Bg3 52. Ba3+ b4 53. Bb2 Be5 54.
Bc1 Nc3+ 55. Kd3 c5 56. Be3 Nd5 57. Bg1 Nb6 58. Bf2 Kc6 59. Ke4 c4 60. Ba2 b3
61. Bb1 c3 {White resigns} 0-1

[Event "Team 45 45 League T35"]
[Site "Internet Chess Club"]
[Date "2007.10.21"]
[Round "1"]
[White "bbbad"]
[Black "cesaralexander"]
[Result "1-0"]
[WhiteElo "1621"]
[BlackElo "1725"]
[Opening "French: advance, Paulsen attack"]
[ECO "C00"]
[Time "20:13:47"]
[TimeControl "2700+45"]

1. e4 e6 2. Nf3 d5 3. e5 c5 4. d4 Nc6 5. c3 Qb6 6. Qb3 Qxb3 7. axb3 cxd4 8. Nxd4
Nxd4 9. cxd4 Ne7 10. Bb5+ Bd7 11. Bxd7+ Kxd7 12. O-O Nc6 13. Be3 Bb4 14. Nc3
Rhc8 15. Rfc1 a6 16. Na4 Kc7 17. Rc2 b5 18. Nc5 Bxc5 19. Rxc5 Kb7 20. Rac1 Nb4
21. Bd2 Nc6 22. Be3 Nb4 23. Bd2 Nd3 24. Rxc8 Rxc8 25. Rxc8 Kxc8 26. Kf1 a5 27.
Bxa5 Kb7 28. Bd2 Nxb2 29. Ke2 Ka6 30. Bc3 Nc4 31. bxc4 bxc4 32. Kd2 Kb5 33. Kc2
Ka4 34. f4 {Black resigns} 1-0

[Event "Team 45 45 League T35"]
[Site "Internet Chess Club"]
[Date "2007.10.25"]
[Round "1"]
[White "SuperPeon"]
[Black "gracey"]
[Result "1/2-1/2"]
[WhiteElo "2023"]
[BlackElo "2120"]
[Opening "Bishop's opening: Berlin defense"]
[ECO "C24"]
[Time "18:05:16"]
[TimeControl "2700+45"]

1. e4 e5 2. Bc4 Nf6 3. d3 Nc6 4. Nc3 Bb4 5. Bg5 h6 6. Bxf6 Bxc3+ 7. bxc3 Qxf6 8.
Nf3 d6 9. h3 Be6 10. Bb3 Qg6 11. g4 O-O-O 12. Qe2 h5 13. g5 h4 14. O-O-O Rde8
15. Kb2 f5 16. gxf6 Qxf6 17. d4 Rhf8 18. Bxe6+ Rxe6 19. d5 Re7 20. Rd3 Na5 21.
Re3 c6 22. dxc6 Nxc6 23. Qb5 Kd8 24. Rd1 Ref7 25. Red3 Kc7 26. Nd2 Qxf2 27. Nc4
Qc5 28. Nxd6 Qxb5+ 29. Nxb5+ Kb6 30. Nd6 Rf4 31. Rg1 Rg8 32. Rg6 Kc7 33. Nb5+
Kc8 34. Nd6+ Kb8 {Game drawn by mutual agreement} 1/2-1/2

[Event "Team 45 45 League T35"]
[Site "Internet Chess Club"]
[Date "2007.10.19"]
[Round "1"]
[White "martineden"]
[Black "chsrules88"]
[Result "0-1"]
[WhiteElo "1971"]
[BlackElo "2058"]
[Opening "QGD: Chigorin defense"]
[ECO "D07"]
[Time "12:08:45"]
[TimeControl "2700+45"]

1. d4 d5 2. c4 Nc6 3. cxd5 Qxd5 4. Nf3 Bg4 5. Nc3 Qa5 6. e3 e6 7. Bd2 Bb4 8. a3
Bxc3 9. Bxc3 Qd5 10. Be2 Nf6 11. Rc1 O-O 12. O-O Rfe8 13. h3 Bh5 14. Nd2 Bxe2
15. Qxe2 Rad8 16. Qc4 a6 17. b4 Rd7 18. Ba1 e5 19. Qxd5 Nxd5 20. e4 Nf4 21. d5
Ne2+ 22. Kh2 Nxc1 23. Rxc1 Nd8 24. Nc4 f6 25. Kg3 Nf7 26. Na5 Nd6 27. Nb3 Nxe4+
28. Kf3 Ng5+ 29. Ke3 {White resigns} 0-1

[Event "Team 45 45 League T35"]
[Site "Internet Chess Club"]
[Date "2007.10.22"]
[Round "1"]
[White "ivanson"]
[Black "PaulKaspar"]
[Result "1/2-1/2"]
[WhiteElo "1874"]
[BlackElo "1885"]
[Opening "Caro-Kann: classical, Spassky variation"]
[ECO "B19"]
[Time "17:04:25"]
[TimeControl "2700+45"]

1. e4 c6 2. d4 d5 3. Nc3 dxe4 4. Nxe4 Bf5 5. Ng3 Bg6 6. h4 h6 7. Nf3 Nd7 8. h5
Bh7 9. Bd3 Bxd3 10. Qxd3 e6 11. Bf4 Ngf6 12. O-O-O Be7 13. Kb1 Nd5 14. Bd2 Qc7
15. Ne2 Bd6 16. g3 O-O-O 17. c4 N5f6 18. c5 Be7 19. Qa3 b6 20. Bf4 Qb7 21. Ne5
Nxe5 22. Bxe5 Ng4 23. Qf3 Nxe5 24. dxe5 Bxc5 25. Nc3 Rxd1+ 26. Rxd1 Rd8 27. Rc1
Bd4 28. Nb5 c5 29. Nd6+ Rxd6 30. Qxb7+ Kxb7 31. exd6 Kc6 32. f3 Kxd6 33. Kc2 e5
34. b3 Kd5 35. Kd3 a5 36. a4 f5 37. Rf1 e4+ 38. fxe4+ fxe4+ 39. Ke2 Kd6 40. Rf4
e3 41. Rf5 Ke6 42. g4 {Game drawn by mutual agreement} 1/2-1/2

[Event "Team 45 45 League T35"]
[Site "Internet Chess Club"]
[Date "2007.10.21"]
[Round "1"]
[White "scottrugby"]
[Black "nathesh"]
[Result "0-1"]
[WhiteElo "1400"]
[BlackElo "1416"]
[Opening "Scotch gambit"]
[ECO "C44"]
[Time "16:02:15"]
[TimeControl "2700+45"]

1. e4 e5 2. Nf3 Nc6 3. d4 exd4 4. Bc4 h6 5. Nxd4 Bc5 6. Nxc6 Qf6 7. O-O dxc6 8.
Nc3 Ne7 9. Na4 Bd6 10. f4 Qg6 11. f5 Qf6 12. Bb3 O-O 13. Qh5 Qd4+ 14. Kh1 Qxe4
15. f6 Bg4 16. Qh4 Ng6 17. Nc3 Qd4 18. Qf2 Qe5 19. g3 Rae8 20. fxg7 Kxg7 21.
Bxf7 Bc5 22. Bxh6+ Kxh6 23. Qd2+ Be3 24. Qd3 Bh5 25. Rae1 Re7 26. Rf5 Qg7 27.
Rxe3 Rexf7 28. Ref3 Bxf3+ 29. Qxf3 Rxf5 30. Qe3+ Kh7 31. h4 Rf1+ 32. Kh2 R8f2+
33. Kh3 Qd7+ 34. g4 Rf3+ 35. Qxf3 {White resigns} 0-1

[Event "Team 45 45 League T35"]
[Site "Internet Chess Club"]
[Date "2007.10.22"]
[Round "1"]
[White "sra66"]
[Black "supraholic"]
[Result "1-0"]
[WhiteElo "1387"]
[BlackElo "1227"]
[Opening "Ruy Lopez: Berlin defense"]
[ECO "C65"]
[Time "14:07:35"]
[TimeControl "2700+45"]

1. e4 e5 2. Nf3 Nc6 3. Bb5 Nf6 4. d3 Bb4+ 5. Nbd2 O-O 6. c3 Bc5 7. O-O Re8 8.
Bxc6 dxc6 9. Nxe5 Rxe5 10. d4 Bxd4 11. cxd4 Qxd4 12. Qe2 Nxe4 13. Nf3 Qd5 14.
Nxe5 Qxe5 15. f3 Bh3 16. gxh3 Qg5+ 17. Bxg5 {Black resigns} 1-0

[Event "Team 45 45 League T35"]
[Site "Internet Chess Club"]
[Date "2007.10.22"]
[Round "1"]
[White "CLEAN"]
[Black "slakkjaw"]
[Result "1-0"]
[WhiteElo "1317"]
[BlackElo "1264"]
[Opening "Three knights game"]
[ECO "C46"]
[Time "21:05:51"]
[TimeControl "2700+45"]

1. e4 e5 2. Nf3 Nc6 3. Nc3 Bb4 4. a3 Bxc3 5. dxc3 Nf6 6. Bg5 h6 7. Bh4 g5 8. Bg3
d6 9. Bd3 Be6 10. O-O Qe7 11. c4 O-O-O 12. b4 g4 13. Nd2 h5 14. Bh4 Rh6 15. b5
Na5 16. Qe2 b6 17. Qe3 Rg6 18. Nb1 Nxc4 19. Qe2 d5 20. exd5 Bxd5 21. Bxg6 fxg6
22. Rd1 Qe6 23. Nc3 c6 24. bxc6 Qxc6 25. Bxf6 Bxg2 26. Rxd8+ Kb7 27. Bxe5 Bh3
28. Nd5 Nxe5 29. Qxe5 Qxc2 30. Qb8+ Ka6 31. Nb4+ {Black resigns} 1-0

[Event "Team 45 45 League T35"]
[Site "Internet Chess Club"]
[Date "2007.10.21"]
[Round "1"]
[White "jocooper"]
[Black "WCB"]
[Result "0-1"]
[WhiteElo "1085"]
[BlackElo "1173"]
[Opening "Queen's pawn game, Chigorin variation"]
[ECO "D02"]
[Time "21:02:27"]
[TimeControl "2700+45"]

1. d4 d5 2. Nf3 Nc6 3. e3 Bg4 4. c3 Nf6 5. Bd3 e5 6. dxe5 Nxe5 7. Be2 Bd6 8. O-O
O-O 9. Nbd2 c6 10. Nxe5 Bxe2 11. Qxe2 Bxe5 12. Nf3 Bd6 13. b3 Ne4 14. Qc2 b5 15.
Bb2 Re8 16. Rad1 Qc7 17. g3 Rab8 18. Nd4 Re5 19. f3 Nxg3 20. hxg3 Rxe3 21. Qf2
Rbe8 22. Rd2 Bxg3 23. Qg2 Re1 24. Ne2 Bh2+ 25. Kh1 Rxf1+ 26. Qxf1 Bf4 27. Nxf4
Qxf4 28. Rg2 g6 29. Bc1 Qh4+ 30. Rh2 Re1 31. Rxh4 Rxf1+ 32. Kg2 Rxc1 33. Rf4
Rxc3 34. Rd4 Rc2+ 35. Kg3 Rxa2 36. Kf4 Rc2 37. Ke5 Rc3 38. b4 Rc4 39. f4 f6+
{White resigns} 0-1

[Event "Team 45 45 League T35"]
[Site "Internet Chess Club"]
[Date "2007.10.20"]
[Round "1"]
[White "oldsj"]
[Black "Zyme"]
[Result "1-0"]
[WhiteElo "1501"]
[BlackElo "1422"]
[Opening "French: exchange variation"]
[ECO "C01"]
[Time "09:09:23"]
[TimeControl "2700+45"]

1. e4 e6 2. d4 d5 3. exd5 exd5 4. c4 Bb4+ 5. Nc3 Ne7 6. Bd3 dxc4 7. Bxc4 O-O 8.
Ne2 Bg4 9. f3 Bd7 10. O-O Nbc6 11. Bg5 Qc8 12. Qb3 a6 13. Rae1 b5 14. Bd3 Bf5
15. Bxf5 Nxf5 16. a3 Nfxd4 17. Nxd4 Bc5 18. Qd5 Bxd4+ 19. Kh1 Bxc3 20. bxc3 Qb7
21. Qe4 h6 22. Bh4 Rfe8 23. Qc2 Na5 24. Bg3 Nc4 25. Qc1 Rad8 26. Bf2 Ne5 27. Bd4
Nd3 28. Rxe8+ Rxe8 29. Qd2 Ne5 30. Re1 Re6 31. Bxe5 Qc6 32. Bg3 Rg6 33. Qd8+ Kh7
34. Qxc7 Qd5 35. Qe5 Qb3 36. Qc5 Qb2 37. Kg1 Qd2 38. Bf2 Qd3 39. Qe3 Qf5 40. Qe4
Qc8 41. Qd3 h5 42. Re7 Kg8 43. Rd7 Qc6 44. Bg3 Qc5+ 45. Qd4 Qxa3 46. Bf2 Qc1+
47. Qd1 Qxc3 48. Rd8+ Kh7 49. Rd7 Qc4 50. Be3 Qc3 51. Qc1 Qb3 52. g3 Re6 53. Kf2
Qa2+ 54. Qd2 Qa3 55. Qd3+ Qxd3 56. Rxd3 b4 57. Rd5 Re8 58. Ke2 Ra8 59. Ra5 Kg6
60. Bc5 b3 61. Bd4 Rb8 62. Bb2 Rc8 63. Rxa6+ Kf5 64. Ra5+ Ke6 65. Re5+ Kd7 66.
Rd5+ Ke6 67. Re5+ Kd7 68. Rd5+ Ke6 69. Rd2 Kf5 70. Bd4 g6 71. Rb2 Rb8 72. Kd3 g5
73. Kc3 h4 74. Rxb3 Rxb3+ 75. Kxb3 hxg3 76. hxg3 g4 77. f4 Ke4 78. Be5 f5 79.
Kc2 Kf3 80. Kd2 Kxg3 81. Ke2 Kg2 82. Ke3 Kh2 83. Bc3 Kg2 84. Kd4 Kf3 85. Ke5 g3
86. Bd4 g2 87. Kxf5 Ke2 88. Ke5 {Black resigns} 1-0

[Event "Team 45 45 League T35"]
[Site "Internet Chess Club"]
[Date "2007.10.20"]
[Round "1"]
[White "archae13"]
[Black "EyeAm"]
[Result "0-1"]
[WhiteElo "1230"]
[BlackElo "1404"]
[Opening "Petrov's defense"]
[ECO "C42"]
[Time "13:59:34"]
[TimeControl "2700+45"]

1. e4 e5 2. Nf3 Nf6 3. d3 Nc6 4. g3 Bc5 5. Be3 Bxe3 6. fxe3 O-O 7. Nc3 d5 8.
exd5 Nxd5 9. Nxd5 Qxd5 10. e4 Qb5 11. Qc1 Bg4 12. Be2 Bxf3 13. Bxf3 Nd4 14. O-O
Qc5 15. Kh1 c6 16. c3 Nxf3 17. Rxf3 Rad8 18. Qc2 Qe7 19. Raf1 Rd6 20. Qa4 a6 21.
Qa3 Qd7 22. Kg2 Rxd3 23. Rxd3 Qxd3 24. Qb4 b5 25. Rf3 Qc4 26. Qxc4 bxc4 27. Rf1
Rd8 28. Re1 Rd2+ 29. Kh3 Rxb2 30. Rd1 g6 31. a3 Rb3 32. Kh4 Kg7 33. Kg5 Rxc3 34.
g4 Rd3 35. Rc1 Rd4 36. Kh4 h6 37. Kg3 Rxe4 38. Kf3 Rd4 39. Ke3 Kf6 40. Rc3 Ke6
41. Ke2 f5 42. gxf5+ gxf5 43. Rg3 Kd5 44. Rg6 c3 45. Rg8 c2 46. Rd8+ Ke4 47.
Rxd4+ Kxd4 48. Kd2 c1=Q+ 49. Kxc1 e4 50. Kd2 f4 51. Ke2 c5 52. h3 c4 53. h4 f3+
54. Kf2 c3 55. Ke1 Kd3 {White resigns} 0-1

[Event "Team 45 45 League T35"]
[Site "Internet Chess Club"]
[Date "2007.10.23"]
[Round "1"]
[White "chess-buddy"]
[Black "rshea11"]
[Result "1-0"]
[WhiteElo "1368"]
[BlackElo "1206"]
[Opening "Scotch gambit"]
[ECO "C44"]
[Time "19:04:01"]
[TimeControl "2700+45"]

1. e4 e5 2. Nf3 Nc6 3. d4 exd4 4. Bc4 Bb4+ 5. c3 dxc3 6. bxc3 Qe7 7. O-O Qxe4 8.
Re1 Qxe1+ 9. Qxe1+ Be7 10. Ne5 Nf6 11. Nxf7 Rf8 12. Ng5 b6 13. Bf4 d6 14. Bb5
Bd7 15. Ne6 Kf7 16. Nxc7 Rac8 17. Bc4+ d5 18. Bxd5+ Nxd5 19. Nxd5 Rce8 20. Kf1
Bf6 21. Qd2 Ne5 22. Nxf6 Nc4 23. Qxd7+ Re7 24. Qd5+ Kxf6 25. Qxc4 Rd8 26. Na3 g5
27. Bc7 Rdd7 28. Qc6+ Kf5 29. Nb5 h5 30. Nd6+ Kf4 31. Nc8+ Rxc7 32. Qd6+ Ke4 33.
Nxe7 Rxc3 34. Re1+ Re3 35. Rxe3# {Black checkmated} 1-0

[Event "Team 45 45 League T35"]
[Site "Internet Chess Club"]
[Date "2007.10.22"]
[Round "1"]
[White "WannaB"]
[Black "MeansToAnEnd"]
[Result "1-0"]
[WhiteElo "964"]
[BlackElo "841"]
[Opening "Sicilian: closed"]
[ECO "B23"]
[Time "20:30:29"]
[TimeControl "2700+45"]

1. e4 c5 2. Nc3 d6 3. f4 Nf6 4. Bb5+ Bd7 5. Bxd7+ Qxd7 6. Nf3 Qg4 7. O-O g6 8.
d3 Bh6 9. e5 dxe5 10. Nxe5 O-O 11. Qxg4 Nxg4 12. Nxg4 Bg7 13. Nd5 Nc6 14. Nde3
Bd4 15. c3 Bg7 16. f5 Rad8 17. fxg6 fxg6 18. Rxf8+ Kxf8 19. Rb1 Rxd3 20. Nf2 Rd6
21. Ne4 Rd3 22. Nxc5 Na5 23. Nxd3 Nc6 24. Nd5 e6 25. Nc7 e5 26. Ne6+ Kf7 27.
Nxg7 Kxg7 28. Be3 a6 29. b4 b5 30. Nc5 Nb8 31. a4 Nc6 32. axb5 axb5 33. Ra1 h5
34. Ne6+ Kf6 35. Ng5 Ne7 36. Ra6+ Kf5 37. Ne6 Nd5 38. Bd2 e4 39. Nd4+ Kg4 40.
Nxb5 e3 41. Rxg6+ Kf4 42. Bxe3+ Kxe3 43. Re6+ Kd3 44. Re5 Nf4 45. Re1 Kc4 46.
Nd6+ Kxc3 47. b5 Nd3 48. Re3 Kd2 49. Rxd3+ Kxd3 50. b6 Kd4 51. b7 Kd5 52. Nf7
Ke6 53. Ng5+ Kf5 54. b8=Q Kxg5 55. Qb5+ Kg6 56. h3 h4 57. Qd3+ Kg5 58. Kf2 Kh5
59. Kf3 Kg5 60. Qe3+ Kh5 61. Qe5+ Kg6 62. Kg4 Kf7 63. Qf5+ Ke7 64. Kxh4 Kd6 65.
g4 Ke7 66. g5 Kd8 67. g6 Kc7 68. g7 Kb6 69. g8=Q Kc6 70. Qgg6+ Kc7 71. Qff7+
{Black resigns} 1-0

[Event "Team 45 45 League T35"]
[Site "Internet Chess Club"]
[Date "2007.10.20"]
[Round "1"]
[White "vaknight"]
[Black "touchthis"]
[Result "1-0"]
[WhiteElo "1557"]
[BlackElo "1693"]
[Opening "French: Rubinstein variation"]
[ECO "C03"]
[Time "23:01:47"]
[TimeControl "2700+45"]

1. e4 e6 2. d4 d5 3. Nd2 dxe4 4. Nxe4 Nd7 5. Nf3 Ngf6 6. Nxf6+ Nxf6 7. Bg5 Be7
8. Bd3 O-O 9. O-O Rb8 10. c3 h6 11. Bh4 b6 12. Qa4 Bb7 13. Ne5 Qd5 14. f3 g5 15.
Bg3 a5 16. Rad1 Rfe8 17. Bb1 Bf8 18. Qc2 Re7 19. Ng4 Bg7 20. Be5 Nxg4 21. Qh7+
Kf8 22. Bxg7+ Ke8 23. Be4 Qd6 24. fxg4 Bxe4 25. Qxe4 f5 26. Qe5 Qd7 27. Bxh6 Rh7
28. Bxg5 Qc6 29. Rxf5 Kd7 30. Rf6 Rbh8 31. h4 Rxh4 32. Bxh4 Rxh4 33. Re1 Rxg4
34. Qxe6+ {Black resigns} 1-0

[Event "Team 45 45 League T35"]
[Site "Internet Chess Club"]
[Date "2007.10.19"]
[Round "1"]
[White "crazynights"]
[Black "nursey"]
[Result "1-0"]
[WhiteElo "1708"]
[BlackElo "1716"]
[Opening "Ruy Lopez: closed, 7...O-O"]
[ECO "C88"]
[Time "14:57:40"]
[TimeControl "2700+45"]

1. e4 e5 2. Nf3 Nc6 3. Bb5 a6 4. Ba4 Nf6 5. O-O Be7 6. Re1 b5 7. Bb3 O-O 8. d3
Bb7 9. c3 a5 10. Nbd2 a4 11. Bc2 h6 12. Nf1 Re8 13. Ng3 d6 14. h3 Qd7 15. c4
bxc4 16. dxc4 Nb4 17. Be3 Nxc2 18. Qxc2 Qc6 19. Bd2 Reb8 20. Rac1 a3 21. b3 g5
22. Bc3 Kh7 23. Nf5 Bf8 24. Nd2 Bc8 25. Ne3 Bg7 26. Ba1 Bb7 27. Nd5 h5 28. c5 g4
29. h4 Ba6 30. cxd6 Qxc2 31. Rxc2 Nxd5 32. exd5 cxd6 33. Rc7 Rb5 34. Ne4 Rxd5
35. Rxf7 Rd8 36. Ng5+ Kg6 37. Rxg7+ Kxg7 38. Ne6+ Kf6 39. Nxd8 Rd2 40. Bc3 Rxa2
41. Nc6 Bb7 42. Nb4 Rb2 43. Bxb2 axb2 44. Rb1 {Black resigns} 1-0

[Event "Team 45 45 League T35"]
[Site "Internet Chess Club"]
[Date "2007.10.20"]
[Round "1"]
[White "rayonline53"]
[Black "Invicta-Knight"]
[Result "1-0"]
[WhiteElo "1564"]
[BlackElo "1515"]
[Opening "Queen's pawn game"]
[ECO "D02"]
[Time "17:03:13"]
[TimeControl "2700+45"]

1. Nf3 d5 2. d4 g6 3. g3 Bg7 4. Bg2 Nf6 5. O-O O-O 6. c3 a5 7. Nbd2 Nbd7 8. Re1
c5 9. e4 cxd4 10. Nxd4 dxe4 11. Nxe4 Nxe4 12. Bxe4 Nf6 13. Bg2 e6 14. Bg5 Qb6
15. Qb3 Qxb3 16. Nxb3 Rd8 17. Rad1 Rxd1 18. Rxd1 h6 19. Rd8+ Kh7 20. Be3 Nd7 21.
Nc5 Bf6 22. Re8 Nb6 23. Nxb7 Bxb7 24. Rxa8 Bxa8 25. Bxb6 Bxg2 26. Kxg2 a4 27. a3
Bg5 28. f4 Be7 29. Kf3 g5 30. Bd4 Kg8 31. Ke4 Kf8 32. Kd3 Bd6 33. fxg5 hxg5 34.
Bf6 g4 35. Kd4 Ke8 36. Kc4 e5 37. Kb5 e4 38. Bd4 f5 39. Be3 Kd7 40. Kxa4 Kc6 41.
b4 Bc7 42. c4 Bb6 43. c5 Bc7 44. b5+ Kb7 45. Kb4 Be5 46. a4 {Black resigns} 1-0

[Event "Team 45 45 League T35"]
[Site "Internet Chess Club"]
[Date "2007.10.21"]
[Round "1"]
[White "littleboo"]
[Black "SeniorCitizen"]
[Result "1/2-1/2"]
[WhiteElo "1417"]
[BlackElo "1280"]
[Opening "French: exchange variation"]
[ECO "C01"]
[Time "11:00:45"]
[TimeControl "2700+45"]

1. e4 e6 2. d4 d5 3. exd5 exd5 4. Bd3 Nf6 5. Be3 Be6 6. Nf3 Nbd7 7. Nc3 c6 8.
O-O Be7 9. Re1 Bg4 10. h3 Bh5 11. g4 Bg6 12. g5 Bxd3 13. gxf6 Nxf6 14. Qxd3 Qd7
15. Kh2 Ng4+ 16. hxg4 Qxg4 17. Qe2 Qh5+ 18. Kg3 f5 19. Bg5 Qg4+ 20. Kh2 Qh5+ 21.
Kg2 Qg4+ 22. Kf1 Qh3+ 23. Kg1 Qg4+ 24. Kh1 Qh5+ 25. Kg1 Qg4+ 26. Kh1 Qh5+ 27.
Kg2 Qg4+ {Game drawn by mutual agreement} 1/2-1/2

[Event "Team 45 45 League T35"]
[Site "Internet Chess Club"]
[Date "2007.10.21"]
[Round "1"]
[White "houseofcook"]
[Black "civilization"]
[Result "0-1"]
[WhiteElo "1381"]
[BlackElo "1484"]
[Opening "Sicilian: Smith-Morra gambit"]
[ECO "B21"]
[Time "13:01:54"]
[TimeControl "2700+45"]

1. e4 c5 2. d4 cxd4 3. c3 dxc3 4. Nxc3 Nc6 5. Nf3 e6 6. Bc4 Bc5 7. O-O d6 8. Qe2
Nge7 9. Rd1 a6 10. Bb3 e5 11. h3 Nd4 12. Nxd4 Bxd4 13. Nd5 Nxd5 14. Bxd5 Qf6 15.
Be3 Bxe3 16. Qxe3 O-O 17. Rac1 Rb8 18. Qb6 Be6 19. Qxd6 Bxd5 20. Qxf6 gxf6 21.
Rxd5 Rbc8 22. Rcd1 Rc2 23. R5d2 Rfc8 24. Kh2 Kg7 25. a3 b5 26. f3 a5 27. b4 axb4
28. axb4 R2c4 29. Rb1 Rc2 30. Rd5 Rb8 31. Rb3 Rc4 32. Rdd3 Kg6 33. Rd7 Kg7 34.
Rd5 Kf8 35. Rc5 Ke7 36. Rd5 Ke6 37. Rdd3 h6 38. Rd5 f5 39. Rc5 fxe4 40. fxe4 f5
41. Rxc4 bxc4 42. exf5+ Kxf5 43. Rf3+ Ke6 44. Rb3 cxb3 {White resigns} 0-1

[Event "Team 45 45 League T35"]
[Site "Internet Chess Club"]
[Date "2007.10.17"]
[Round "1"]
[White "Vynaris"]
[Black "crag"]
[Result "1-0"]
[WhiteElo "1453"]
[BlackElo "1334"]
[Opening "Scotch gambit"]
[ECO "C44"]
[Time "20:26:28"]
[TimeControl "2700+45"]

1. e4 e5 2. Nf3 Nc6 3. d4 exd4 4. Bc4 Bc5 5. c3 dxc3 6. Bxf7+ Kf8 7. Nxc3 Nf6 8.
Bd5 Nxd5 9. Nxd5 d6 10. O-O Bg4 11. Be3 Ne5 12. Bxc5 Nxf3+ 13. gxf3 Bh3 14. Be3
c6 15. Nf4 Bc8 16. Qd4 Qg5+ 17. Kh1 Qe7 18. Rad1 Bd7 19. Qxd6 Qxd6 20. Rxd6 Rd8
21. Ne6+ {Black resigns} 1-0

[Event "Team 45 45 League T35"]
[Site "Internet Chess Club"]
[Date "2007.10.21"]
[Round "1"]
[White "t-hobbes"]
[Black "Kasparklunk"]
[Result "1-0"]
[WhiteElo "1284"]
[BlackElo "1462"]
[Opening "Scandinavian: Pytel-Wade variation"]
[ECO "B01"]
[Time "19:59:48"]
[TimeControl "2700+45"]

1. e4 d5 2. exd5 Qxd5 3. Nc3 Qd6 4. Nf3 Nf6 5. d4 Bg4 6. h3 Bxf3 7. Qxf3 c6 8.
Be3 e6 9. O-O-O Nbd7 10. Bc4 b5 11. Nxb5 cxb5 12. Qxa8+ Ke7 13. Bxb5 Nd5 14. Qb7
Nc7 15. Bxd7 Qxd7 16. Qxa7 f6 17. Bf4 Nd5 18. Qa3+ Kf7 19. Qg3 Bb4 20. a3 Ba5
21. Bd2 Bc7 22. Qf3 Rc8 23. g4 Qc6 24. Qd3 h6 25. h4 Bd6 26. g5 hxg5 27. hxg5 f5
28. Rhg1 Kg6 29. Rde1 Bh2 30. Rh1 Bb8 31. c3 Re8 32. Qh3 Kf7 33. Qh5+ Ke7 34.
Qh7 Rf8 35. g6 Rc8 36. Qxg7+ Kd6 37. Qe5+ Ke7 38. Rh7+ Ke8 39. Qh8# {Black
checkmated} 1-0

[Event "Team 45 45 League T35"]
[Site "Internet Chess Club"]
[Date "2007.10.22"]
[Round "1"]
[White "klt713"]
[Black "ADIOKiddo4Ever"]
[Result "0-1"]
[WhiteElo "1269"]
[BlackElo "1445"]
[Opening "Scandinavian: Pytel-Wade variation"]
[ECO "B01"]
[Time "22:29:39"]
[TimeControl "2700+45"]

1. e4 d5 2. exd5 Qxd5 3. Nc3 Qd6 4. Nf3 Nf6 5. d3 Bf5 6. Be2 e6 7. O-O Be7 8. d4
Nc6 9. a3 O-O 10. h3 a6 11. Be3 Rad8 12. Bc4 Ne4 13. Nxe4 Bxe4 14. c3 Bf6 15.
Qe2 e5 16. Rad1 Qe7 17. Bb3 Bxf3 18. Qxf3 exd4 19. Bxd4 Bxd4 20. cxd4 Rd6 21.
Qc3 Rg6 22. g3 Qh4 23. Bc2 Rg5 24. Kh2 Qh6 25. Rfe1 Rh5 26. g4 Qd6+ 27. Kg2 Rh6
28. Re4 Ne7 29. Rde1 Nd5 30. Qd2 Re6 31. Qd3 g6 32. Qd2 Rfe8 33. R1e2 Nf4+ 34.
Rxf4 Rxe2 35. Qd3 Qxf4 36. Qg3 Qxg3+ 37. Kxg3 Rxc2 38. b4 Ree2 39. Kh4 h6 40. d5
Rxf2 41. g5 h5 42. Kg3 Rfd2 43. Kf4 Rxd5 44. Ke4 Rd1 45. Ke5 Re2+ 46. Kf4 Rf1+
47. Kg3 Kg7 48. h4 f5 49. a4 f4+ 50. Kh3 Rh1# {White checkmated} 0-1

[Event "Team 45 45 League T35"]
[Site "Internet Chess Club"]
[Date "2007.10.21"]
[Round "1"]
[White "johnpawn"]
[Black "jschneigi"]
[Result "0-1"]
[WhiteElo "1287"]
[BlackElo "1291"]
[Opening "Queen's pawn game"]
[ECO "D02"]
[Time "22:56:29"]
[TimeControl "2700+45"]

1. d4 d5 2. Nf3 e6 3. e3 Bb4+ 4. c3 Ba5 5. Bd3 Nf6 6. Nbd2 a6 7. O-O Nbd7 8. e4
dxe4 9. Nxe4 O-O 10. Ne5 h6 11. f4 Bb6 12. Nxf6+ Qxf6 13. Kh1 c5 14. Qf3 cxd4
15. Nxd7 Bxd7 16. Qxb7 Bb5 17. Bxb5 Rfb8 18. Qf3 axb5 19. Bd2 Rd8 20. cxd4 Bxd4
21. Bc3 Ra4 22. Rfd1 Bxc3 23. Rxd8+ Qxd8 24. bxc3 Qf6 25. a3 Rxf4 {White
resigns} 0-1

[Event "Team 45 45 League T35"]
[Site "Internet Chess Club"]
[Date "2007.10.17"]
[Round "1"]
[White "ffplayer"]
[Black "reverendjim"]
[Result "1/2-1/2"]
[WhiteElo "1134"]
[BlackElo "1291"]
[Opening "QGD Slav defense"]
[ECO "D10"]
[Time "23:00:50"]
[TimeControl "2700+45"]

1. d4 d5 2. c4 c6 3. Nc3 Nf6 4. h3 Bf5 5. Nf3 dxc4 6. e3 e6 7. Bxc4 Bb4 8. Bd2
O-O 9. Rc1 Nd5 10. O-O Nxc3 11. Bxc3 Be7 12. Bd3 Bxd3 13. Qxd3 Nd7 14. Rfe1 Nf6
15. Qc2 Nd5 16. a3 Rc8 17. e4 Nxc3 18. Qxc3 c5 19. dxc5 Rxc5 20. Qb3 Qc7 21. Rb1
Rd8 22. Qe3 h6 23. b4 Bg5 24. Nxg5 Rxg5 25. Qxa7 Rd3 26. Re3 Rxe3 27. Qxe3 Rb5
28. Qc1 Qd6 29. f3 Rb6 30. Qe1 Rc6 31. Ra1 Qd4+ 32. Kh1 Qb2 33. Qb1 Qd4 34. a4
Rc4 35. Qd1 Rxb4 36. Qxd4 Rxd4 37. a5 Rb4 38. Ra2 Kf8 39. Kg1 Ke7 40. Kf2 g5 41.
Ra3 Rb5 42. Ke3 Kd6 43. a6 bxa6 44. Rxa6+ Ke5 45. Kf2 Rb2+ 46. Kg3 Rb5 47. Ra8
Kf6 48. Rh8 Kg7 49. Re8 Rb6 50. Rd8 f5 51. exf5 exf5 52. Rd7+ Kg6 53. Rd2 Kh5
54. Kf2 f4 55. g3 fxg3+ 56. Kxg3 Rf6 57. Rf2 Rf4 58. Rf1 Rc4 {Game drawn by
mutual agreement} 1/2-1/2

[Event "Team 45 45 League T35"]
[Site "Internet Chess Club"]
[Date "2007.10.18"]
[Round "1"]
[White "cobbler"]
[Black "DayDream01"]
[Result "0-1"]
[WhiteElo "1292"]
[BlackElo "1101"]
[Opening "Queen's pawn game, Darooha variation "]
[ECO "D02"]
[Time "16:01:28"]
[TimeControl "2700+45"]

1. Nf3 d5 2. d4 Nf6 3. c3 Bg4 4. Bg5 e6 5. Nbd2 Be7 6. Bxf6 Bxf6 7. e4 dxe4 8.
Nxe4 Nd7 9. Nxf6+ Qxf6 10. Be2 O-O 11. Qb3 Rfe8 12. Qxb7 Qd8 13. Qb4 e5 14. O-O
e4 15. Qc4 exf3 16. gxf3 Bh3 17. Rfd1 Qg5+ {White resigns} 0-1

[Event "Team 45 45 League T35"]
[Site "Internet Chess Club"]
[Date "2007.10.19"]
[Round "1"]
[White "Mutaant"]
[Black "Traho"]
[Result "1-0"]
[WhiteElo "1442"]
[BlackElo "1258"]
[Opening "Caro-Kann: two knights variation"]
[ECO "B11"]
[Time "17:59:25"]
[TimeControl "2700+45"]

1. e4 c6 2. Nc3 d5 3. Nf3 dxe4 4. Nxe4 Bf5 5. Ng3 Bg4 6. h3 Bxf3 7. Qxf3 Nf6 8.
Bc4 e6 9. d3 Nbd7 10. O-O Ne5 11. Qf4 Bd6 12. Qh4 Ng6 13. Qd4 O-O 14. Bg5 Be5
15. Qxd8 Raxd8 16. c3 h6 17. d4 Bxd4 18. Bc1 Bb6 19. a4 a5 20. b4 Nd5 21. b5 c5
22. Bb2 Bc7 23. Ne2 Ne5 24. Ba2 Nd3 25. Ba3 b6 26. Rad1 N5f4 27. Nd4 Ne5 28. Kh2
Nd5 29. Rc1 Nd3+ 30. g3 Nxc1 31. Rxc1 Rfe8 32. Nc6 Rd7 33. Rd1 Bd6 34. Bxd5
Bxg3+ 35. fxg3 Rxd5 36. Rf1 Rd2+ 37. Kg1 Ra2 38. Bc1 Ra1 39. Kf2 e5 40. Ke3 f6
41. Kd3 Rxa4 42. Rf2 Kf7 43. Re2 Re7 44. Nxe7 Kxe7 45. Kc2 Ra2+ 46. Bb2 Ra4 47.
Kb3 Ke6 48. Kxa4 g5 49. Kb3 h5 50. c4 Kf5 51. Kc2 g4 52. h4 Kg6 53. Kd3 Kf7 54.
Ke4 Ke6 55. Rd2 f5+ 56. Ke3 f4+ 57. gxf4 g3 58. Bxe5 Kf5 59. Kf3 {Black resigns}
1-0